 Dungeon Crawl Stone Soup version 0.31-a0-217-g58bb5d79cf (webtiles) character file.

Game seed: 7532117036598183118

86 qw the Chopper (level 4, -4/28 HPs)
             Began as a Gargoyle Fighter on July 2, 2023.
             Slain by an ogre
             ... wielding a +0 giant club
              (30 damage)
             ... on level 4 of the Dungeon.
             The game lasted 00:01:06 (2425 turns).

qw the Chopper (Gargoyle Fighter)                   Turns: 2425, Time: 00:01:06

Health: -4/28      AC: 16    Str: 25    XL:     4   Next: 49%
Magic:  4/4        EV: 11    Int:  8    God:
Gold:   189        SH:  4    Dex:  9    Spells: 3/3 levels left

rFire   . . .        Y - +1 war axe
rCold   . . .        c - +0 buckler
rNeg    + . .        o - +0 plate armour
rPois   inf          (no helmet)
rElec   +            (no cloak)
rCorr   +            a - +0 pair of gloves "Cinwazi" {rElec Str+3 Stlth+}
SInv    .            (no boots)
Will    .....        f - amulet of faith Stlth
                     e - +5 ring of evasion
HPRegen 0.24/turn    n - ring of resist corrosion
MPRegen 0.09/turn

%: faith
@: no status effects
A: sickness immunity, AC +3, negative energy resistance 1, electricity
resistance, torment resistance 1, petrification resistance, mutation resistance
1
a: no special abilities


You were on level 4 of the Dungeon.
You visited 1 branch of the dungeon, and saw 4 of its levels.

You collected 189 gold pieces.


Innate Abilities, Weirdness & Mutations

You are immune to sickness and miasma.
Your stone body is resilient. (AC +3)
You are immune to poison.
You resist negative energy. (rN+)
You are resistant to electric shocks. (rElec)
You are resistant to unholy torment.
You are immune to petrification.
You are somewhat resistant to further mutation.


   Skills:
 - Level 3.2 Fighting
 + Level 4.2 Axes
 - Level 3.2 Armour
 - Level 3.2 Shields


You had 3 spell levels left.
You didn't know any spells.
Your spell library was empty.

Inventory:

Hand Weapons
 g - a +0 flail
 Y - a +1 war axe (weapon)
Armour
 a - the +0 pair of gloves "Cinwazi" (worn) {rElec Str+3 Stlth+}
   (You acquired it on level 1 of the Dungeon)

   Str:       It affects your strength (+3).
   rElec:     It insulates you from electricity.
   Stlth:     It makes you more stealthy.
 c - a +0 buckler (worn)
 o - a +0 plate armour (worn)
Jewellery
 e - a +5 ring of evasion (left hand)
 f - an amulet of faith (around neck)
 n - a ring of resist corrosion (right hand)
Wands
 b - a wand of digging (6)
Scrolls
 h - a scroll of teleportation
 j - a scroll of identify
Potions
 d - a potion of might
 i - 2 potions of resistance
 k - a potion of curing
 l - 2 potions of mutation
 m - a potion of ambrosia {unknown}
 p - a potion of attraction {unknown}

Dungeon Overview and Level Annotations

Branches:
Dungeon (4/15)
 Temple: D:4-7

Altars:
Cheibriados

Annotations:
D:1 2 transporters
D:3 1 runed translucent door, Crazy Yiuf


Message History

The orc wizard is heavily wounded.
The adder hisses angrily.
The ogre shouts!
You hit the scorpion but do no damage.
You hear a shout!
The scorpion stings you but does no damage.
The orc wizard barely misses you. You block the scorpion's attack.
You barely miss the orc wizard.
The orc wizard is heavily wounded.
You closely miss the scorpion. You block the scorpion's attack.
The orc wizard hits you but does no damage.
You hit the orc wizard but do no damage.
The orc wizard is heavily wounded.
You hit the scorpion.
The scorpion stings you but does no damage.
The orc wizard closely misses you.
The scorpion stings you but does no damage.
You hit the orc wizard.
The orc wizard is heavily wounded.
You closely miss the scorpion.
The orc wizard hits you but does no damage.
The scorpion stings you but does no damage.
The adder bites you but does no damage. You block the orc wizard's attack.
You barely miss the orc wizard.
The orc wizard is heavily wounded.
You barely miss the ogre. You closely miss the scorpion. You hit the adder.
The scorpion barely misses you. The adder misses you.
You block the ogre's attack. You block the orc wizard's attack.
The scorpion stings you but does no damage.
The adder barely misses you.
You hit the orc wizard.
The orc wizard is almost dead.
You barely miss the adder. You barely miss the ogre. You hit the scorpion.
A hound comes into view.
The adder closely misses you. The scorpion barely misses you.
The orc wizard casts a spell at you.
The puff of flame hits you but does no damage.
The ogre hits you with a +0 giant club!!
Ouch! That really hurt!
You die...

.# #. .##.###
.##.##......#
............
...........
..#..... #
#.#...
#.##.#S##.###
#....@o......
#####s#O######
#..<.#$.#
#.#.###.#
#.... .#
##.##. .# #.
.#h. #. #.. #.


You could see an ogre, a scorpion, a hound (wandering), an orc wizard and an
adder.

Vanquished Creatures
  2 adders (D:2)
  A worm (D:2)
  A dart slug (D:1)
  5 orcs
  7 endoplasms
  5 giant cockroaches
  2 goblins
  6 hobgoblins
  3 jackals (D:1)
  3 quokkas
  5 ball pythons
  7 bats
  4 frilled lizards
  3 kobolds
  A rat (D:1)
55 creatures vanquished.

Notes
Turn   | Place    | Note
-------+----------+-------------------------------------------
     0 | D:1      | qw the Gargoyle Fighter began the quest for the Orb.
     0 | D:1      | Reached XP level 1. HP: 14/14 MP: 1/1
     0 | D:1      | 0 ||| qw: Version: 0.3-a-40-ge99b1a8
     0 | D:1      | 0 ||| qw: Game counter: 7969
     0 | D:1      | 0 ||| qw: Melee chars always use a shield: true
     0 | D:1      | 0 ||| qw: God list: Okawaru
     0 | D:1      | 0 ||| qw: Allow faded altars: false
     0 | D:1      | 0 ||| qw: Do Orc after clearing Dungeon:15 true
     0 | D:1      | 0 ||| qw: Do second Lair branch before Depths: true
     0 | D:1      | 0 ||| qw: Lair rune preference: random
     0 | D:1      | 0 ||| qw: Goals: Normal, Zot:1-4, Slime:5, God:TSO, Crypt,
                  | Tomb, Abyss, Pan, Hells, Win
     0 | D:1      | 0 ||| PLANNING D:1-11
    33 | D:1      | Reached skill level 2 in Axes
    74 | D:1      | 74 ||| Stepping ~*~*~tactically~*~*~ (stealth).
    82 | D:1      | Reached XP level 2. HP: 18/19 MP: 2/2
   426 | D:1      | Reached skill level 3 in Axes
   476 | D:1      | Reached XP level 3. HP: 23/23 MP: 3/3
   829 | D:1      | 829 ||| UPGRADING to amulet of faith.
   834 | D:1      | 834 ||| READING scroll labelled CAIGIY YNAWK.
   835 | D:1      | 835 ||| READING scroll labelled JESAMICADWO.
   835 | D:1      | Identified a scroll of acquirement
   835 | D:1      | 835 ||| ACQUIRING +0 pair of gloves "Cinwazi" {rElec Str+3
                  | Stlth+}
   835 | D:1      | Acquired the +0 pair of gloves "Cinwazi" {rElec Str+3
                  | Stlth+}
   837 | D:1      | 837 ||| UPGRADING to +0 pair of gloves "Cinwazi" {rElec
                  | Str+3 Stlth+}.
   842 | D:1      | 842 ||| READING 2 scrolls labelled ONGUAD USYRPH.
   847 | D:1      | 847 ||| READING 3 scrolls labelled FIUVE JAICAFF.
   848 | D:1      | 848 ||| DRINKING 2 fizzy amethyst potions.
   849 | D:1      | 849 ||| READING 2 scrolls of identify.
   849 | D:1      | 849 ||| IDENTIFYING viscous pink potion
  1029 | D:2      | 1029 ||| Stepping ~*~*~tactically~*~*~ (stealth).
  1030 | D:2      | 1030 ||| Stepping ~*~*~tactically~*~*~ (stealth).
  1193 | D:2      | Reached XP level 4. HP: 24/28 MP: 4/4
  1360 | D:2      | Found a faded altar of an unknown god.
  1452 | D:2      | Found a snail-covered altar of Cheibriados.
  1462 | D:2      | 1462 ||| Stepping ~*~*~tactically~*~*~ (stealth).
  1646 | D:2      | 1646 ||| UPGRADING to +0 plate armour.
  1656 | D:2      | 1656 ||| DROPPING +0 scale mail.
  1657 | D:2      | 1657 ||| UPGRADING to +5 ring of evasion.
  1658 | D:2      | 1658 ||| READING 2 scrolls labelled WEJ GOOLAIRESH.
  1659 | D:2      | 1659 ||| READING scroll labelled TOFEOREITT.
  1660 | D:2      | 1660 ||| DROPPING scroll of revelation.
  1788 | D:3      | Reached skill level 4 in Axes
  1790 | D:3      | 1790 ||| DROPPING +0 whip.
  2148 | D:3      | Found a runed translucent door.
  2149 | D:3      | Noticed Crazy Yiuf
  2380 | D:3      | 2380 ||| UPGRADING to ring of resist corrosion.
  2381 | D:3      | 2381 ||| READING scroll labelled UZUDOYGRIJEWK.
  2382 | D:3      | 2382 ||| DRINKING 3 fizzy grey potions.
  2382 | D:3      | Gained mutation: You are somewhat resistant to further
                  | mutation. [potion of mutation]
  2408 | D:4      | 2408 ||| Stepping ~*~*~tactically~*~*~ (hiding).
  2413 | D:4      | Noticed a scorpion
  2419 | D:4      | Noticed an ogre
  2425 | D:4      | Slain by an ogre

Levels and vault maps discovered:
D:1:      spicycebolla_arrival_transporter_tutorial, layout_basic
D:2:      layout_loops_ring, hellmonk_ecumenical_altar_heavens_door,
          basic_altar, chequers_serial_rivers_small_b
D:3:      layout_loops_ring, uniq_crazy_yiuf_cottage
D:4:      layout_loops_ring, nicolae_underground_beach

Skill      XL: |  1  2  3  4 |
---------------+-------------+-----
Axes           | 2 3 4 |  4.2
Fighting       | |  3.2
Armour         | |  3.2
Shields        | |  3.2

Action                     |  1- 3 |  4- 6 || total
---------------------------+-------+-------++-------
  Melee: War axe           |    86 |    74 ||   160
    Use: Scroll            |     5 |     3 ||     8
         Potion            |     1 |     1 ||     2
 Armour: Scale mail        |    45 |    16 ||    61
         Plate armour      |       |    29 ||    29
  Dodge: Dodged            |    35 |    42 ||    77
  Block: Buckler           |    16 |    10 ||    26

Table legend:
 A = Non-vault XP
 B = Vault XP
 C = Vault XP percentage of total XP
 D = Non-vault monster count
 E = Vault monster count
 F = Vault count percentage of total count
                 A         B        C        D         E       F
            +---------+---------+-------+---------+---------+-------
      Total |     123 |       0 |   0.0 |      55 |       0 |   0.0
            +---------+---------+-------+---------+---------+-------
        D:1 |      40 |       0 |   0.0 |      24 |       0 |   0.0
        D:2 |      54 |       0 |   0.0 |      18 |       0 |   0.0
        D:3 |      22 |       0 |   0.0 |      10 |       0 |   0.0
        D:4 |       7 |       0 |   0.0 |       3 |       0 |   0.0
            +---------+---------+-------+---------+---------+-------
